 Dungeon Crawl Stone Soup version 0.28.0-1-gb440e238dd (webtiles) character file.

Game seed: 815355898220615388

6043 dolemite99 the Cruncher (level 10, 0/68 (72) HPs)
             Began as a Demonspawn Gladiator on Feb 19, 2022.
             Was a Believer of Makhleb.
             Slain by a spectral orc knight (22 damage)
             ... summoned by Nergalle
             ... on level 10 of the Dungeon.
             The game lasted 00:14:43 (12867 turns).

dolemite99 the Cruncher (Demonspawn Gladiator)     Turns: 12867, Time: 00:14:43

HP:   0/68 (72)     AC: 18    Str: 18    XL:     10   Next: 57%
MP:   15/15         EV:  6    Int: 10    God:    Makhleb [**....]
Gold: 527           SH:  5    Dex: 15    Spells: 9/9 levels left

rFire   + . .      SeeInvis .   a - +0 trident (venom)
rCold   . . .      Faith    .   (no shield)
rNeg    . . .      Spirit   .   D - +0 plate armour
rPois   .          Reflect  +   (helmet restricted)
rElec   .          Harm     .   J - +2 cloak
rCorr   .          Rampage  .   P - +0 pair of gloves
Will    .....                   i - +0 pair of boots
Stlth   ..........              p - amulet of reflection
HPRegen 0.21/turn               r - ring of protection from fire
MPRegen 0.14/turn               (no ring)

@: drained
A: horns 2, rugged brown scales 1, foul stench 1
a: Renounce Religion, Minor Destruction


You were on level 10 of the Dungeon.
You worshipped Makhleb.
Makhleb was pleased with you.
You visited 1 branch of the dungeon, and saw 10 of its levels.

You collected 527 gold pieces.

Inventory:

Hand Weapons
 a - a +0 trident of venom (weapon)
 b - a +0 arbalest
 h - a +0 lajatang of chaos
 m - a +0 hunting sling
 o - a +0 quarterstaff
 L - a +1 whip of electrocution
Missiles
 d - 2 throwing nets (quivered)
 g - 54 bolts
 l - 354 stones
 n - 27 poisoned darts
 s - 3 boomerangs
 u - 64 sling bullets
 B - 2 atropa-tipped darts
 F - 79 arrows
Armour
 c - a +0 helmet
 i - a +0 pair of boots (worn)
 t - a +0 scale mail
 y - a +1 cloak
 A - a +0 kite shield
 D - a +0 plate armour (worn)
 J - a +2 cloak (worn)
 P - a +0 pair of gloves (worn)
Jewellery
 f - a ring of fire
 p - an amulet of reflection (around neck)
 r - a ring of protection from fire (left hand)
 z - a +4 ring of evasion
 E - a ring of ice
 N - an amulet of guardian spirit
Wands
 C - a wand of digging (6)
 I - a wand of charming (19)
Scrolls
 e - 5 scrolls of teleportation
 G - 4 scrolls of silence
 M - a scroll of fear
Potions
 j - 2 potions of heal wounds
 k - 3 potions of brilliance
 q - 2 potions of lignification
 v - a potion of haste {unknown}
 w - a potion of berserk rage {unknown}
 x - 2 potions of cancellation
 H - a potion of attraction {unknown}
 K - a potion of mutation {unknown}
 O - a potion of flight {unknown}


   Skills:
 - Level 3.5 Fighting
 + Level 3.4(8.5) Polearms
 - Level 12.1(12.3) Staves
 - Level 1.4(2.0) Slings
 - Level 2.6 Crossbows
 - Level 1.7(2.1) Throwing
 - Level 3.6 Armour
 - Level 2.6 Dodging
 - Level 7.4 Invocations


You had 9 spell levels left.
You didn't know any spells.
Your spell library contained the following spells:

 Spells                   Type           Power      Damage    Failure   Level
 Animate Skeleton         Necr           0%         N/A       100%        1
 Beastly Appendage        Tmut           0%         N/A       100%        1
 Pain                     Necr           0%         1d4       100%        1
 Sting                    Tmut/Pois      0%         1d3       100%        1
 Poisonous Vapours        Pois/Air       0%         N/A       100%        2
 Static Discharge         Conj/Air       0%         N/A       100%        2
 Wereblood                Tmut           0%         N/A       100%        2
 Spider Form              Tmut/Pois      0%         N/A       100%        3
 Tukima's Dance           Hex            0%         N/A       100%        3
 Vampiric Draining        Necr           0%         2d6       100%        3
 Fulminant Prism          Conj/Hex       0%         3d6       100%        4
 Iskenderun's Mystic Bla  Conj/Tloc      0%         2d3       100%        4
 Olgreb's Toxic Radiance  Pois           0%         N/A       100%        4
 Passage of Golubria      Tloc           0%         N/A       100%        4
 Lee's Rapid Deconstruct  Erth           0%         3d5*      100%        5
 Lightning Bolt           Conj/Air       0%         1d11      100%        5
 Yara's Violent Unravell  Hex/Tmut       0%         3d3       100%        5
 Maxwell's Capacitive Co  Air            0%         ∞         100%        8


Dungeon Overview and Level Annotations

Branches:
Dungeon (10/15)            Temple (0/1) D:7            Lair (0/6) D:9
    Orc: D:9-12

Altars:
Ashenzari
Kikubaaqudgha
Makhleb
Nemelex Xobeh
Qazlal
Uskayaw
Xom
The Shining One

Shops:
D:3 :   D:4 *

Annotations:
D:6 1 runed translucent door, exclusion: downstairs
D:10 Nergalle


Innate Abilities, Weirdness & Mutations

You have a pair of horns on your head.
You are partially covered in rugged brown scales. (AC +1, +3% HP)
You may rarely emit foul miasma when damaged in melee.


Message History

The orc is lightly wounded.
The orc hits you with a +0 club.
You emit a cloud of foul miasma!
You hit the orc.
The orc is almost dead.
You kill the orc!
Makhleb accepts your kill.
You reach to attack!
You puncture the acid dragon!
The acid dragon is moderately wounded.
You reach to attack!
You puncture the acid dragon!
The acid dragon is poisoned.
The acid dragon is severely wounded.
Nergalle points at the acid dragon and mumbles some strange words.
You reach to attack!
You barely miss the acid dragon.
The acid dragon is severely wounded.
Nergalle gestures at you while chanting.
Orcish apparitions take form around you.
You hit the spectral orc warrior.
The spectral orc warrior is lightly damaged.
You hit the spectral orc warrior but do no damage.
The spectral orc warrior is lightly damaged.
The spectral orc knight hits you from afar with a +0 glaive!
You block the spectral orc warrior's attack.
The spectral orc warrior hits you from afar with a +0 trident.
You feel drained.
You hit the spectral orc warrior but do no damage.
You headbutt the spectral orc warrior.
The spectral orc warrior is lightly damaged.
The spectral orc knight hits you but does no damage.
The spectral orc warrior closely misses you.
You block the spectral orc warrior's attack.
The spectral orc warrior hits you with a +0 halberd.
You emit a cloud of foul miasma!
You block the spectral orc knight's attack.
You block the spectral orc warrior's attack.
The spectral orc knight hits you with a +0 glaive!
You emit a cloud of foul miasma!
The spectral orc warrior closely misses you.
The spectral orc warrior hits you from afar with a +0 trident!
You feel drained.
The spectral orc knight hits you with a +0 glaive!!
You die...

...............
...............
...............
...............
.........D...#
.......D.....#
......oo#########..
......Z#Z.§≈≈≈§..#
.......#.≈.@..§≈§
.......#.ZZ§≈≈§≈§#
.#######.≈≈...≈≈§#
#.§§._§≈≈.#
#§§§...≈≈.#
#§§§≈≈≈.≈.#
#.≈§....≈.#
##..≈§≈≈≈..##
#######.######## .#


You could see Nergalle, 2 spectral orc warriors, a spectral orc knight
(summoned) and an orc wizard (fast).

Vanquished Creatures
  A hydra (D:9)
  The ghost of LobsterGuardian the Cleaver, a novice HOMo (D:6)
  An elephant (D:9)
  Grinder (D:6)
  A wyvern (D:9)
  2 basilisks (D:9)
  2 steam dragons
  A swamp drake (D:7)
  3 black bears
  An ice beast (D:5)
  2 sky beasts (D:5)
  An orc warrior (D:9)
  An ogre (D:5)
  3 centaurs
  2 kobold brigands
  A gnoll sergeant (D:9)
  6 bullfrogs
  3 scorpions (D:5)
  A wyvern zombie (D:8)
  15 killer bees
  5 wights (D:8)
  A howler monkey (D:5)
  A crimson imp (D:4)
  3 jellies
  2 centaur zombies
  2 centaur skeletons
  3 hounds
  Crazy Yiuf (D:4)
  2 orc priests (D:10)
  2 bullfrog skeletons
  A scorpion zombie (D:5)
  2 iguanas (D:5)
  3 orc wizards
  A hound skeleton (D:4)
  3 howler monkey zombies (D:8)
  8 gnolls
  7 adders
  A shadow imp (D:7)
  2 white imps
  2 ufetubi
  An adder zombie (D:5)
  A worm (D:2)
  4 dart slugs
  16 orcs
  5 ball pythons
  4 endoplasms
  7 giant cockroaches
  7 hobgoblins
  6 jackals (D:4)
  17 kobolds
  6 quokkas
  6 bats
  6 frilled lizards
  5 goblins
  3 goblin skeletons (D:4)
  A goblin zombie (D:4)
  6 hobgoblin zombies (D:4)
  A kobold skeleton (D:4)
  2 kobold zombies (D:4)
  An orc skeleton (D:4)
  An orc zombie (D:4)
  7 rats
214 creatures vanquished.

Vanquished Creatures (others)
  A wyvern zombie (D:6)
  A kobold (D:9)
  A fungus (D:9)
  A plant (D:9)
4 creatures vanquished.

Grand Total: 218 creatures vanquished

Notes
Turn   | Place    | Note
-------+----------+-------------------------------------------
     0 | D:1      | dolemite99 the Demonspawn Gladiator began the quest for the
                  | Orb.
     0 | D:1      | Reached XP level 1. HP: 16/16 MP: 1/1
   241 | D:1      | Reached skill level 3 in Staves
   421 | D:1      | Gained mutation: You have a pair of small horns on your
                  | head. [demonic ancestry]
   421 | D:1      | Reached XP level 2. HP: 20/22 MP: 2/2
  1167 | D:2      | Reached XP level 3. HP: 26/27 MP: 3/3
  1492 | D:2      | Reached skill level 4 in Staves
  1587 | D:2      | Reached XP level 4. HP: 27/33 MP: 4/4
  2075 | D:3      | Found a shimmering altar of Xom.
  2095 | D:3      | Found Athruaxy's Book Emporium.
  2431 | D:3      | Reached skill level 5 in Staves
  2973 | D:4      | Found a runed translucent door.
  2974 | D:4      | Noticed Crazy Yiuf
  2984 | D:4      | Killed Crazy Yiuf
  2985 | D:4      | Gained mutation: You are partially covered in rugged brown
                  | scales. (AC +1, +3% HP) [demonic ancestry]
  2985 | D:4      | Reached XP level 5. HP: 23/39 MP: 1/5
  3420 | D:4      | Noticed a black bear
  3442 | D:4      | Killed a black bear
  3443 | D:4      | Reached skill level 6 in Staves
  3443 | D:4      | Gained mutation: You have a pair of horns on your head.
                  | [demonic ancestry]
  3443 | D:4      | Reached XP level 6. HP: 29/45 MP: 6/6
  3931 | D:4      | Found Xuqell's CLEARANCE SALE!.
  3949 | D:4      | Found a burning altar of Makhleb.
  3954 | D:4      | Became a worshipper of Makhleb the Destroyer
  4382 | D:5      | Entered Level 5 of the Dungeon
  4422 | D:5      | Reached skill level 7 in Staves
  4426 | D:5      | Gained mutation: You may rarely emit foul miasma when
                  | damaged in melee. [demonic ancestry]
  4426 | D:5      | Reached XP level 7. HP: 27/51 MP: 7/7
  4719 | D:5      | Reached skill level 8 in Staves
  5116 | D:5      | Reached skill level 9 in Staves
  5116 | D:5      | Reached XP level 8. HP: 57/57 MP: 8/8
  5714 | D:5      | Reached skill level 1 in Slings
  5877 | D:6      | Reached skill level 1 in Armour
  6098 | D:6      | Noticed Grinder
  6098 | D:6      | Paralysed by Grinder for 4 turns
  6209 | D:5      | Reached * piety under Makhleb
  6420 | D:6      | Found a broken altar of Ashenzari.
  6532 | D:6      | Found a sparkling altar of Nemelex Xobeh.
  6541 | D:6      | Killed Grinder
  6542 | D:6      | Reached skill level 10 in Staves
  6542 | D:6      | Reached XP level 9. HP: 65/65 MP: 9/9
  6552 | D:6      | Found a runed translucent door.
  6557 | D:6      | Noticed LobsterGuardian's ghost (novice HOMo)
  6744 | D:6      | Found a runed translucent door.
  6768 | D:6      | Killed LobsterGuardian's ghost
  7036 | D:7      | Reached skill level 11 in Staves
  7144 | D:7      | Found a staircase to the Ecumenical Temple.
  8396 | D:8      | Reached skill level 12 in Staves
  8693 | D:8      | Reached skill level 1 in Crossbows
  8747 | D:8      | Reached ** piety under Makhleb
  9014 | D:8      | Reached XP level 10. HP: 40/72 MP: 10/10
  9307 | D:8      | Reached skill level 1 in Invocations
  9803 | D:9      | Found a stormy altar of Qazlal.
  9814 | D:9      | Noticed an elephant
  9829 | D:9      | Killed an elephant
  9830 | D:9      | Reached skill level 5 in Invocations
 10263 | D:9      | Found a staircase to the Lair.
 10652 | D:9      | Noticed an eight-headed hydra
 11632 | D:9      | Found a hide-covered altar of Uskayaw.
 12230 | D:9      | Killed an eight-headed hydra
 12320 | D:10     | Entered Level 10 of the Dungeon
 12839 | D:10     | Found an ancient bone altar of Kikubaaqudgha.
 12848 | D:10     | Noticed Nergalle
 12867 | D:10     | Slain by a spectral orc knight

Illustrated notes

Levels and vault maps discovered:
D:1:      dpeg_arrival_oval, layout_basic, minivault_26
D:2:      layout_rooms
D:3:      layout_rooms, nicolae_overflow_crystal_walls, serial_co_window_serial,
          co_window_paths_a, co_window_corner_a, co_window_corner_a,
          co_window_paths_b, co_window_paths_a, co_window_paths_a,
          co_window_paths_b, co_window_cross_2, co_window_broadway_b,
          co_window_unsneaky_path_a, co_window_corner_b, co_window_broadway_a,
          glass_columns_a, glass_columns_b, glass_columns_a, glass_columns_c,
          glass_columns_c, serial_shops, shop, grunt_ministairs_12, st_stairs_7,
          minmay_circle_x
D:4:      layout_gridville, lightli_temple_of_fire,
          nicolae_tso_besieged_by_evil, minmay_crystal_water,
          nicolae_shop_clearance, uniq_crazy_yiuf_cottage
D:5:      minmay_angry_zag, layout_loops_ring
D:6:      layout_rooms, kennysheep_mini_moat, nemelex_xobeh_ov_fountains_minmay,
          ebering_ghost_sewer_f, uniq_grinder
D:7:      layout_rooms, minmay_temple_entry_glass
D:8:      layout_loops_ring, serial_glass, glass_columns_a, glass_columns_c
D:9:      layout_roguey, mainiacjoe_overflow_alcove_1,
          mainiacjoe_overflow_tiny_flanked, david_lair_generic,
          kennysheep_generic_room_11
D:10:     layout_long_grid, mainiacjoe_overflow_paths, kennysheep_little_box,
          nicolae_vehumet_radiance, serial_glass, glass_columns_a,
          glass_columns_b, lemuel_flame_loot_1, uniq_nergalle

Skill      XL: |  1  2  3  4  5  6  7  8  9 10 |
---------------+-------------------------------+-----
Staves         | 3 4 5 6 7 9 10 12 | 12.1
Slings         | 1 |  1.4
Armour         | 3 |  3.6
Fighting       | 3 |  3.5
Crossbows      | 2 |  2.6
Invocations    | 7 |  7.4
Polearms       | 3 |  3.4
Throwing       | |  1.7
Dodging        | |  2.6

Action                   |  1- 3 |  4- 6 |  7- 9 | 10-12 || total
-------------------------+-------+-------+-------+-------++-------
Melee: Quarterstaff      |    56 |       |       |       ||    56
       Headbutt          |    12 |    22 |    47 |    18 ||    99
       Lajatang          |    18 |   182 |   251 |    51 ||   502
       Trident           |       |       |       |    22 ||    22
       Whip              |       |       |       |    10 ||    10
 Fire: Hunting sling     |       |       |     2 |       ||     2
       Arbalest          |       |       |    33 |     7 ||    40
Throw: Throwing net      |     2 |     1 |       |       ||     3
Invok: Minor Destruction |       |       |       |    45 ||    45
Evoke: Wand              |       |     4 |    13 |     9 ||    26
  Use: Scroll            |       |     4 |     6 |     6 ||    16
       Potion            |       |       |     2 |     3 ||     5
 Stab: Invisible         |       |     1 |       |       ||     1
       Paralysed         |       |       |       |     6 ||     6
Armor: Leather armour    |    30 |    10 |       |       ||    40
       Scale mail        |       |    87 |    37 |       ||   124
       Plate armour      |       |       |   121 |    64 ||   185
Dodge: Dodged            |    73 |   131 |    93 |    20 ||   317
Block: Other             |       |       |    58 |    29 ||    87
       Reflection        |       |       |     4 |     3 ||     7
